BLB
BALTIMORE BULLDOGS @ BATAVIA MUCKDOGS
03/05/2060
 
TOP OF THE 1ST
Baltimore Bulldogs batting - Pitching for Batavia Muckdogs : LHP Dwyane Essex
Pitching: LHP Dwyane Essex
Batting: RHB Joseph Olsen 0-0: Ball
1-0: Fly out, F9 (Flyball, 9S, EV 95.0 MPH)
Batting: LHB Justin Castiglioni 0-0: Ball
1-0: Ball
2-0: Foul Ball, location: 2F
2-1: Called Strike
2-2: Ground out 1-3 (Groundball, 13, EV 73.1 MPH)
Batting: LHB Owen Keimig 0-0: Fly out, F7 (Flyball, 7LS, EV 88.8 MPH)
Top of the 1st over - 0 runs, 0 hits, 0 errors, 0 left on base; Baltimore 0 - Batavia 0
BOTTOM OF THE 1ST
Batavia Muckdogs batting - Pitching for Baltimore Bulldogs : LHP Riley Hein
Pitching: LHP Riley Hein
Batting: RHB Robbie McGath 0-0: Fly out, F3 (Popup, 23F, EV 81.9 MPH)
Batting: LHB Willis Neil 0-0: Ball
1-0: Called Strike
1-1: Ball
2-1: Fly out, F8 (Flyball, 8RM, EV 93.1 MPH)
Batting: RHB Wade Cummins 0-0: Called Strike
0-1: Called Strike
0-2: Fly out, F3 (Popup, 3SF, EV 73.1 MPH)
Bottom of the 1st over - 0 runs, 0 hits, 0 errors, 0 left on base; Baltimore 0 - Batavia 0
TOP OF THE 2ND
Baltimore Bulldogs batting - Pitching for Batavia Muckdogs : LHP Dwyane Essex
Batting: SHB Ulisses Schnopp 0-0: Called Strike
0-1: Fly out, F9 (Line Drive, 9, EV 91.9 MPH)
Batting: LHB Shan Waseem 0-0: Swinging Strike
0-1: Ball
1-1: Called Strike
1-2: Foul Ball, location: 2F
1-2: Reached on error, E6 (Groundball, 56, EV 83.1 MPH)
Batting: RHB Kyle Dodiry 0-0: Called Strike
0-1: DOUBLE (Line Drive, 89D, EV 108.1 MPH)
Shan Waseem scores
Batting: LHB Andy Wulfeck 0-0: Ball
1-0: Called Strike
1-1: Called Strike
1-2: Ball
2-2: Ground out U3 (Groundball, 3L, EV 88.8 MPH)
Kyle Dodiry to third
Batting: SHB Cole Watson 0-0: Swinging Strike
0-1: Foul Ball, location: 2F
0-2: Ball
1-2: Strikes out swinging
Top of the 2nd over - 1 run, 1 hit, 1 error, 1 left on base; Baltimore 1 - Batavia 0
BOTTOM OF THE 2ND
Batavia Muckdogs batting - Pitching for Baltimore Bulldogs : LHP Riley Hein
Batting: LHB Archibald Vasquez 0-0: Fly out, F7 (Flyball, 7, EV 86.2 MPH)
Batting: RHB Destin Fransen 0-0: Ball
1-0: Foul Ball, location: 2F
1-1: SINGLE (Groundball, 56D, EV 94.4 MPH)
Batting: LHB Edward Schachter 0-0: Ball
1-0: Ball
2-0: Fly out, F3 (Line Drive, 3, EV 73.8 MPH)
Batting: RHB R.J. McCarthy 0-0: Swinging Strike
0-1: Swinging Strike
0-2: Ball
1-2: Ball
2-2: Foul Ball, location: 2F
2-2: Ball
3-2: Strikes out swinging passed ball, reaches first!
Destin Fransen to second
Batting: SHB Quinton Brown 0-0: Swinging Strike
0-1: Fielders Choice at 2nd, 6-4 (Groundball, 6, EV 83.8 MPH)
Bottom of the 2nd over - 0 runs, 1 hit, 0 errors, 2 left on base; Baltimore 1 - Batavia 0
TOP OF THE 3RD
Baltimore Bulldogs batting - Pitching for Batavia Muckdogs : LHP Dwyane Essex
Batting: LHB Peter Clothier 0-0: Ball
1-0: Called Strike
1-1: Ball
2-1: Fly out, F9 (Flyball, 89S, EV 87.5 MPH)
Batting: RHB Joseph Olsen 0-0: Called Strike
0-1: Fly out, F8 (Flyball, 8RM, EV 78.8 MPH)
Batting: LHB Justin Castiglioni 0-0: Called Strike
0-1: Swinging Strike
0-2: Fly out, F8 (Flyball, 8RD, EV 89.4 MPH)
Top of the 3rd over - 0 runs, 0 hits, 0 errors, 0 left on base; Baltimore 1 - Batavia 0
BOTTOM OF THE 3RD
Batavia Muckdogs batting - Pitching for Baltimore Bulldogs : LHP Riley Hein
Batting: LHB Ricky Stegall 0-0: Ball
1-0: Swinging Strike
1-1: Swinging Strike
1-2: Ball
2-2: Ball
3-2: Foul Ball, location: 2F
3-2: Fly out, F7 (Flyball, 78M, EV 93.8 MPH)
Batting: RHB Robbie McGath 0-0: Swinging Strike
0-1: Ball
1-1: Foul Ball, location: 2F
1-2: Ball
2-2: Ball
3-2: Base on Balls
Batting: LHB Willis Neil 0-0: Fielders Choice at 2nd, 4-6 (Groundball, 4, EV 93.8 MPH)
Batting: RHB Wade Cummins 0-0: Called Strike
Willis Neil is caught stealing 2nd base 2-4
Bottom of the 3rd over - 0 runs, 0 hits, 0 errors, 0 left on base; Baltimore 1 - Batavia 0
TOP OF THE 4TH
Baltimore Bulldogs batting - Pitching for Batavia Muckdogs : LHP Dwyane Essex
Batting: LHB Owen Keimig 0-0: Foul Ball, location: 2F
0-1: Foul Ball, location: 2F
0-2: Strikes out looking
Batting: SHB Ulisses Schnopp 0-0: Ball
1-0: Called Strike
1-1: Ball
2-1: Ball
3-1: Fly out, F8 (Flyball, 89M, EV 81.2 MPH)
Batting: LHB Shan Waseem 0-0: Foul Ball, location: 2F
0-1: Foul Ball, location: 2F
0-2: TRIPLE (Flyball, 8LXD, EV 88.8 MPH)
Batting: RHB Kyle Dodiry 0-0: 2-RUN HOME RUN (Flyball, 7D, EV 98.8 MPH), Distance : 383 ft
Batting: LHB Andy Wulfeck 0-0: Foul Ball, location: 2F
0-1: Ball
1-1: Ball
2-1: Foul Ball, location: 2F
2-2: Foul Ball, location: 2F
2-2: Ball
3-2: Fly out, F9 (Flyball, 89S, EV 85.6 MPH)
Top of the 4th over - 2 runs, 2 hits, 0 errors, 0 left on base; Baltimore 3 - Batavia 0
BOTTOM OF THE 4TH
Batavia Muckdogs batting - Pitching for Baltimore Bulldogs : LHP Riley Hein
Batting: RHB Wade Cummins 0-0: Fly out, F8 (Line Drive, 8LM, EV 90.6 MPH)
Batting: LHB Archibald Vasquez 0-0: Ball
1-0: Foul Ball, location: 2F
1-1: Ball
2-1: Ball
3-1: Swinging Strike
3-2: Ground out 1-3 (Groundball, 13S, EV 72.5 MPH)
Batting: RHB Destin Fransen 0-0: Ball
1-0: Swinging Strike
1-1: Ball
2-1: Foul Ball, location: 2F
2-2: Ball
3-2: Foul Ball, location: 2F
3-2: SINGLE (Line Drive, 34, EV 96.9 MPH)
Batting: LHB Edward Schachter 0-0: Ball
1-0: Ball
2-0: SINGLE (Groundball, 6M, EV 84.4 MPH) (infield hit)
Destin Fransen to second
Batting: RHB R.J. McCarthy 0-0: Ball
1-0: Called Strike
1-1: Ball
2-1: Called Strike
2-2: 3-RUN HOME RUN (Flyball, 7D, EV 96.2 MPH), Distance : 370 ft
Batting: SHB Quinton Brown 0-0: Foul Ball, location: 2F
0-1: Foul Ball, location: 2F
0-2: Ball
1-2: Ball
2-2: Strikes out looking
Bottom of the 4th over - 3 runs, 3 hits, 0 errors, 0 left on base; Baltimore 3 - Batavia 3
TOP OF THE 5TH
Baltimore Bulldogs batting - Pitching for Batavia Muckdogs : LHP Dwyane Essex
Pitching: RHP Gerald Roderick
Now at C: Logan Gleason
Now at 3B: Tommy Tyrrell
Batting: SHB Cole Watson 0-0: DOUBLE (Line Drive, 78M, EV 95.6 MPH)
Batting: LHB Peter Clothier 0-0: Swinging Strike
0-1: Ball
1-1: Called Strike
1-2: SINGLE (Groundball, 4MD, EV 98.1 MPH)
Cole Watson to third
Runner from 3rd tries for Home, SAFE, throw by CF to home
Pinch Hitting: LHB Charlie Estes 0-0: Bunted foul
0-1: Sac Bunt to 25 - play at first, batter safe!
Peter Clothier to second
Pinch Hitting: SHB Val Schmit 0-0: Swinging Strike
0-1: Swinging Strike
0-2: Ball
1-2: Ball
2-2: Ball
3-2: Strikes out swinging
Pinch Hitting: RHB Antonio Boyle 0-0: Called Strike
0-1: Swinging Strike
0-2: Ball
1-2: Ball
2-2: Fly out, F7 (Flyball, 7D, EV 105.6 MPH)
Pinch Hitting: RHB Tre Hempfling 0-0: Called Strike
0-1: Ball
1-1: Called Strike
1-2: Foul Ball, location: 2F
1-2: Ball
Wild Pitch!
Peter Clothier to third
Charlie Estes to second
2-2: TRIPLE (Flyball, 8RXD, EV 102.5 MPH)
Peter Clothier scores
Charlie Estes scores
Pitching: RHP Stan Dotson
Batting: LHB Shan Waseem 0-0: Called Strike
0-1: Called Strike
0-2: Ball
1-2: Strikes out swinging
Top of the 5th over - 3 runs, 4 hits, 0 errors, 1 left on base; Baltimore 6 - Batavia 3
BOTTOM OF THE 5TH
Batavia Muckdogs batting - Pitching for Baltimore Bulldogs : LHP Riley Hein
Now at C: Neil Shoemaker
Now at 1B: Sonny Zidane
Now at 2B: Peter Clothier
Now at SS: Antonio Boyle
Now in LF: Tre Hempfling
Now in CF: Charlie Estes
Now in RF: Gregg Flores
Batting: LHB Ricky Stegall 0-0: Ball
1-0: Foul Ball, location: 2F
1-1: Ball
2-1: Ball
3-1: Ground out 4-3 (Groundball, 4, EV 96.2 MPH)
Pinch Hitting: RHB Julius McCurdy 0-0: Ball
1-0: Ball
2-0: Foul Ball, location: 2F
2-1: Ball
3-1: Base on Balls
Pinch Hitting: RHB Colby Cooper 0-0: Fly out, F8 (Flyball, 8LS, EV 93.1 MPH)
Pinch Hitting: LHB Carl Brinkley 0-0: Ball
1-0: Called Strike
1-1: Swinging Strike
1-2: Foul Ball, location: 2F
1-2: Ball
2-2: Ball
3-2: Strikes out swinging
Bottom of the 5th over - 0 runs, 0 hits, 0 errors, 1 left on base; Baltimore 6 - Batavia 3
TOP OF THE 6TH
Baltimore Bulldogs batting - Pitching for Batavia Muckdogs : RHP Stan Dotson
Now at SS: Julius McCurdy
Now in CF: Colby Cooper
Now in RF: Carl Brinkley
Batting: LHB Gregg Flores 0-0: Ball
1-0: Ground out 4-3 (Groundball, 34, EV 85.6 MPH)
Batting: LHB Nathan Bell 0-0: Called Strike
0-1: Called Strike
0-2: Ball
1-2: Strikes out looking
Pinch Hitting: RHB Stephen Cuff 0-0: Ball
1-0: Called Strike
1-1: Fly out, F6 (Popup, 6, EV 75.0 MPH)
Top of the 6th over - 0 runs, 0 hits, 0 errors, 0 left on base; Baltimore 6 - Batavia 3
BOTTOM OF THE 6TH
Batavia Muckdogs batting - Pitching for Baltimore Bulldogs : LHP Riley Hein
Pitching: RHP Curtis Huntsinger
Now at 3B: Antonio Boyle
Now at SS: Stephen Cuff
Batting: RHB Tommy Tyrrell 0-0: Ball
1-0: Ball
2-0: Ball
3-0: Called Strike
3-1: Foul Ball, location: 2F
3-2: Base on Balls
Batting: RHB Logan Gleason 0-0: Called Strike
0-1: Hit by Pitch
Tommy Tyrrell to second
Batting: RHB Zeke Lebron 0-0: Called Strike
0-1: Ball
1-1: Called Strike
1-2: Ball
2-2: Fly out, F8 (Flyball, 89M, EV 75.6 MPH)
Runner from 2nd tags up, SAFE at 3rd with throw by CF
Batting: RHB R.J. McCarthy 0-0: Ball
1-0: Ball
2-0: Called Strike
2-1: Called Strike
2-2: Ball
3-2: Strikes out swinging
Pinch Hitting: RHB Bowie Garcia 0-0: Called Strike
0-1: Ball
1-1: Ball
2-1: Ball
3-1: Base on Balls
Logan Gleason to second
Pinch Hitting: RHB Tyson Velez 0-0: Swinging Strike
0-1: Swinging Strike
0-2: Ball
1-2: Strikes out swinging
Bottom of the 6th over - 0 runs, 0 hits, 0 errors, 3 left on base; Baltimore 6 - Batavia 3
TOP OF THE 7TH
Baltimore Bulldogs batting - Pitching for Batavia Muckdogs : RHP Stan Dotson
Now at 2B: Bowie Garcia
Now in LF: Tyson Velez
Batting: LHB Peter Clothier 0-0: Called Strike
0-1: Ball
1-1: Fly out, F8 (Flyball, 8LD, EV 103.8 MPH)
Batting: LHB Charlie Estes 0-0: Called Strike
0-1: Swinging Strike
0-2: Strikes out swinging
Batting: RHB Sonny Zidane 0-0: Ball
1-0: Foul Ball, location: 2F
1-1: Ball
2-1: SINGLE (Groundball, 13S, EV 70.6 MPH) (infield hit)
Pitching: RHP Ed Gross
Batting: RHB Antonio Boyle 0-0: Ball
Sonny Zidane steals 2nd base
1-0: Ball
2-0: Called Strike
2-1: Ball
3-1: Called Strike
3-2: Ground out 6-3 (Groundball, 6, EV 91.9 MPH)
Top of the 7th over - 0 runs, 1 hit, 0 errors, 1 left on base; Baltimore 6 - Batavia 3
BOTTOM OF THE 7TH
Batavia Muckdogs batting - Pitching for Baltimore Bulldogs : RHP Curtis Huntsinger
Pitching: LHP Kyle Heldt
Batting: RHB Julius McCurdy 0-0: Called Strike
0-1: Ball
1-1: Ball
2-1: Ball
3-1: Base on Balls
Batting: RHB Colby Cooper 0-0: Reached on error, E4 (Groundball, 4, EV 78.1 MPH)
Julius McCurdy to second
Batting: LHB Carl Brinkley 0-0: Ball
1-0: Ball
2-0: Ball
3-0: Called Strike
3-1: Base on Balls
Julius McCurdy to third
Colby Cooper to second
Batting: RHB Tommy Tyrrell 0-0: Fly out, F9 (Flyball, 9D, EV 108.8 MPH)
Runner from 3rd tags up, OUT at HOME! 9-2
Colby Cooper to third
Carl Brinkley to second
Batting: RHB Logan Gleason 0-0: Ball
1-0: Foul Ball, location: 2F
1-1: Ball
2-1: Ball
3-1: Called Strike
3-2: SINGLE (Line Drive, 89S, EV 107.5 MPH)
Colby Cooper scores
Carl Brinkley to third
Runner from 3rd tries for Home, SAFE, throw by RF to home
Logan Gleason to second
Batting: RHB Zeke Lebron 0-0: Ball
1-0: Called Strike
1-1: Foul Ball, location: 2F
1-2: Foul Ball, location: 2F
1-2: Strikes out swinging
Bottom of the 7th over - 2 runs, 1 hit, 1 error, 1 left on base; Baltimore 6 - Batavia 5
TOP OF THE 8TH
Baltimore Bulldogs batting - Pitching for Batavia Muckdogs : RHP Ed Gross
Pitching: LHP Bailey Grundy
Batting: RHB Tre Hempfling 0-0: Called Strike
0-1: Called Strike
0-2: Ball
1-2: Ball
2-2: Foul Ball, location: 2F
2-2: Strikes out swinging
Batting: RHB Neil Shoemaker 0-0: Called Strike
0-1: Ball
1-1: Swinging Strike
1-2: Strikes out swinging
Batting: LHB Gregg Flores 0-0: Swinging Strike
0-1: Ball
1-1: Ball
2-1: SINGLE (Groundball, 3S, EV 69.4 MPH) (infield hit)
Batting: LHB Nathan Bell 0-0: Called Strike
Gregg Flores steals 2nd base
0-1: Called Strike
0-2: Fly out, F6 (Flyball, 4MD, EV 88.8 MPH)
Top of the 8th over - 0 runs, 1 hit, 0 errors, 1 left on base; Baltimore 6 - Batavia 5
BOTTOM OF THE 8TH
Batavia Muckdogs batting - Pitching for Baltimore Bulldogs : LHP Kyle Heldt
Batting: RHB R.J. McCarthy 0-0: Called Strike
0-1: Foul Ball, location: 2F
0-2: Ball
1-2: Ball
2-2: Foul Ball, location: 2F
2-2: Ball
3-2: Foul Ball, location: 2F
3-2: Fly out, F9 (Flyball, 9LSF, EV 100.0 MPH)
Batting: RHB Bowie Garcia 0-0: Called Strike
0-1: Swinging Strike
0-2: Ball
1-2: Ball
2-2: SINGLE (Line Drive, 9S, EV 98.8 MPH)
Pitching: LHP Carl Vertullo
Batting: RHB Tyson Velez 0-0: Ball
1-0: Ball
2-0: SINGLE (Groundball, 6M, EV 104.4 MPH) (infield hit)
Bowie Garcia to second
Batting: RHB Julius McCurdy 0-0: Fly out, F9 (Flyball, 89D, EV 101.9 MPH)
Runner from 2nd tags up, SAFE at 3rd, no throw by RF
Batting: RHB Colby Cooper 0-0: Reached on error, E6 (Groundball, 6, EV 106.2 MPH)
Bowie Garcia scores
Tyson Velez to second
Pinch Hitting: LHB Donald Dworkin 0-0: Ball
1-0: Swinging Strike
1-1: Ball
2-1: SINGLE (Groundball, 34D, EV 96.2 MPH)
Tyson Velez to third
Colby Cooper to second
Runner from 3rd tries for Home, SAFE, throw by RF to home
Batting: RHB Tommy Tyrrell 0-0: Called Strike
0-1: Foul Ball, location: 2F
0-2: Ball
Wild Pitch!
Colby Cooper to third
Donald Dworkin to second
1-2: Strikes out swinging
Bottom of the 8th over - 2 runs, 3 hits, 1 error, 2 left on base; Baltimore 6 - Batavia 7
TOP OF THE 9TH
Baltimore Bulldogs batting - Pitching for Batavia Muckdogs : LHP Bailey Grundy
Pitching: RHP Chance Loya
Now in LF: Donald Dworkin
Now in RF: Tyson Velez
Pinch Hitting: LHB Kentrellis Donciu 0-0: Ball
1-0: Ball
2-0: Called Strike
2-1: Ball
3-1: Swinging Strike
3-2: Foul Ball, location: 2F
3-2: Fly out, F7 (Flyball, 7S, EV 85.6 MPH)
Batting: LHB Peter Clothier 0-0: Ball
1-0: Foul Ball, location: 2F
1-1: Ball
2-1: Foul Ball, location: 2F
2-2: Foul Ball, location: 2F
2-2: Fly out, F4 (Popup, 4M, EV 68.1 MPH)
Batting: LHB Charlie Estes 0-0: Ball
1-0: Swinging Strike
1-1: Foul Ball, location: 2F
1-2: Ball
2-2: Foul Ball, location: 2F
2-2: Ball
3-2: Ground out 6-3 (Groundball, 6MD, EV 103.8 MPH)
Top of the 9th over - 0 runs, 0 hits, 0 errors, 0 left on base; Baltimore 6 - Batavia 7
Tuesday, April 16th , 2024 - OOTP Baseball 23.10 Build 110